 Dungeon Crawl Stone Soup version 0.25-a0-482-g9b3b753f3f (webtiles) character file.

Game seed: 2211005088668116177, levelgen mode: deterministic

98 Notrik the Skirmisher (level 4, -2/41 HPs)
             Began as a Hill Orc Fighter on Feb 10, 2020.
             Slain by a rat (3 damage)
             ... on level 2 of the Dungeon.
             The game lasted 00:01:15 (836 turns).

Notrik the Skirmisher (Hill Orc Fighter)             Turns: 836, Time: 00:01:16

Health: -2/41      AC:  7    Str: 19    XL:     4   Next: 71%
Magic:  4/4        EV:  7    Int:  8    God:
Gold:   46         SH:  9    Dex: 10    Spells: 3/3 levels left

rFire    . . .     SeeInvis .   a - +0 war axe
rCold    . . .     Gourm    .   c - +0 shield
rNeg     . . .     Faith    .   b - +0 scale mail
rPois    .         Spirit   .   (no helmet)
rElec    .         Reflect  .   (no cloak)
rCorr    .         Harm     .   (no gloves)
MR       .....                  (no boots)
Stlth    ..........             (no amulet)
HPRegen  0.13/turn              (no ring)
MPRegen  0.09/turn              (no ring)

@: no status effects
A: no striking features
a: no special abilities


You were on level 2 of the Dungeon.
You were not hungry.

You visited 1 branch of the dungeon, and saw 2 of its levels.

You collected 46 gold pieces.

Inventory:

Hand Weapons
 a - a +0 war axe (weapon)
Armour
 b - a +0 scale mail (worn)
 c - a +0 shield (worn)
Jewellery
 g - an uncursed amulet of guardian spirit {unknown}
   (You found it on level 1 of the Dungeon)
Potions
 d - a potion of might
 f - a potion of curing {unknown}
 h - a potion of heal wounds {unknown}
Comestibles
 e - 2 rations {!d}


   Skills:
 * Level 4.9 Fighting
 + Level 3.6 Axes
 + Level 3.9 Armour
 + Level 3.9 Shields


You had 3 spell levels left.
You didn't know any spells.
Your spell library was empty.

Dungeon Overview and Level Annotations

Branches:
Dungeon (2/15)

Altars:
Ru


Message History

You closely miss Jessica. You hit the orc. You closely miss the orc.
The orc closely misses you. Jessica casts a spell at you.
Pain shoots through your body! You block the orc's attack.
Your shield and scale mail prevent you from hitting the orc.
You hit Jessica but do no damage. You slash the orc!
You kill the orc!
Jessica barely misses you. The orc barely misses you. Jessica hits you.
* * * LOW HITPOINT WARNING * * *
You are too injured to fight recklessly!
You closely miss Jessica. You barely miss the orc. You block the orc's attack.
You block Jessica's attack.
You completely miss Jessica. You closely miss the orc.
The orc completely misses you. Jessica hits you but does no damage.
A worm comes into view.
The orc hits you but does no damage.
You closely miss Jessica. You hit the orc.
You kill the orc!
Jessica barely misses you. x2
Unknown command.
Your shield and scale mail prevent you from hitting Jessica.
You closely miss the goblin. You block the goblin's attack.
Jessica barely misses you. You block the goblin's attack.
You hit Jessica. You closely miss the goblin. You block Jessica's attack.
The goblin barely misses you.
You barely miss Jessica. You closely miss the goblin.
Jessica gestures at you while chanting. Pain shoots through your body!
* * * LOW HITPOINT WARNING * * *
You block the goblin's attack. Jessica hits you.
* * * LOW HITPOINT WARNING * * *
You closely miss Jessica. You hit the goblin.
You kill the goblin!
You block the bat's attack. The bat hits you but does no damage.
Jessica hits you.
* * * LOW HITPOINT WARNING * * *
You closely miss Jessica. You closely miss the bat.
The bat hits you but does no damage. You block Jessica's attack.
A rat comes into view.
Jessica barely misses you.
Your shield and scale mail prevent you from hitting Jessica.
The bat barely misses you. Jessica hits you but does no damage.
You slash Jessica!
You kill Jessica!
You hit the worm. You block the bat's attack.
The rat bites you but does no damage. The worm bites you!
* * * LOW HITPOINT WARNING * * *
You closely miss the rat. You hit the worm. The bat barely misses you.
The bat hits you but does no damage. The rat bites you.
You die...

#....#.####.####.#.
#....#.#.......# #.
#....#.#.##.##.# #.
#....#.#.#...#.#.#.
##........._.......
##...#.#.#...#.#.##
'..$#.#.##.##.#.
#)).#.#...... # .
#@b.#.####.### #.
#rw.#.. ... #.
..##### #.# #. ...#
... ....# ...
.....+ ......#
.......#


You could see a worm, a bat and a rat.

Vanquished Creatures
  Jessica (D:2)
  An orc wizard (D:2)
  An ooze (D:1)
  2 leopard geckos (D:1)
  3 orcs (D:2)
  A ball python (D:2)
  4 bats (D:1)
  2 giant cockroaches
  6 goblins
  3 hobgoblins
  3 jackals (D:1)
  3 frilled lizards (D:1)
  3 kobolds (D:1)
  3 rats (D:1)
36 creatures vanquished.

Notes
Turn   | Place    | Note
-------+----------+-------------------------------------------
     0 | D:1      | Notrik the Hill Orc Fighter began the quest for the Orb.
     0 | D:1      | Reached XP level 1. HP: 19/19 MP: 1/1
   126 | D:1      | Reached XP level 2. HP: 21/27 MP: 2/2
   139 | D:1      | Reached skill level 4 in Fighting
   302 | D:1      | Reached XP level 3. HP: 24/33 MP: 3/3
   772 | D:2      | Found a sacrificial altar of Ru.
   816 | D:2      | Noticed Jessica
   821 | D:2      | Reached XP level 4. HP: 35/41 MP: 4/4
   835 | D:2      | Killed Jessica
   835 | D:2      | HP: 1/41 [worm (7)]
   836 | D:2      | Slain by a rat

Levels and vault maps discovered:
D:1:      minmay_arrival_widening_spiral_wide, layout_loops_ring,
          corner_web_ring
D:2:      layout_basic, nicolae_ru_sacrificial_ziggurat, first_ration,
          chequers_arboretum, uniq_jessica

Skill      XL: |  1  2 |
---------------+-------+-----
Axes           | 3 |  3.6
Fighting       | 4 |  4.9
Armour         | |  3.9
Shields        | |  3.9

Action                   |  1- 3 |  4- 6 || total
-------------------------+-------+-------++-------
Melee: War axe           |   103 |    15 ||   118
Armor: Scale mail        |    45 |     8 ||    53
Dodge: Dodged            |    40 |    13 ||    53
Block: Shield            |    69 |    13 ||    82

Table legend:
 A = Non-vault XP
 B = Vault XP
 C = Vault XP percentage of total XP
 D = Non-vault monster count
 E = Vault monster count
 F = Vault count percentage of total count
                 A         B        C        D         E       F
            +---------+---------+-------+---------+---------+-------
      Total |     104 |      37 |  26.2 |      35 |       1 |   2.8
            +---------+---------+-------+---------+---------+-------
        D:1 |      50 |       0 |   0.0 |      26 |       0 |   0.0
        D:2 |      54 |      37 |  40.7 |       9 |       1 |  10.0
            +---------+---------+-------+---------+---------+-------
